Map: Catalyst LE

Players

uThermal - Winner!

  • Race: Terran Terran
  • Spawn Location: 5:00

Nice

  • Race: Protoss Protoss
  • Spawn Location: 11:00

Event: WESG 2017 Haikou

VOD

Have the link to the VOD?

Description

Time

  • Played on: March 13, 2018, 11:28 p.m.
  • Length: 8:35

All games in this series

Show
View Real Time Build Order
Export as new Build Order

uThermal Terran - Winner!

Build Orders: Reaper Expand, MMM Bio 

Get SALT Encoding   

  12  0:02  SCV  
  13  0:14  SCV  
  14  0:17  Supply Depot  
  14  0:26  SCV  
  15  0:39  SCV, Barracks  
  16  0:43  Refinery  
  16  0:51  SCV  
  17  1:03  SCV  
  18  1:15  SCV  
  19  1:26  Reaper  
  19  1:28  Orbital Command  
  20  1:41  Command Center  
  20  1:49  Supply Depot  
  20  1:54  SCV  
  21  1:58  Marine  
  22  2:06  SCV  
  23  2:09  Factory  
  23  2:18  SCV  
  23  2:20  Barracks Reactor  
  24  2:30  SCV  
  25  2:42  SCV  
  26  2:53  Refinery, Orbital Command  
  26  2:54  SCV  
  26  2:58  Marine x2, Starport  
  29  3:06  SCV  
  29  3:09  Widow Mine  
  32  3:16  Marine x2  
  32  3:18  SCV  
  34  3:20  SCV  
  35  3:27  Barracks  
  35  3:30  SCV, Widow Mine  
  35  3:32  SCV  
  39  3:34  Supply Depot  
  39  3:35  Marine x2  
  39  3:38  Medivac  
  43  3:43  SCV  
  43  3:44  SCV  
  43  3:46  Barracks  
  45  3:52  Marine  
  46  3:56  SCV x2, Widow Mine  
  46  3:57  Supply Depot  
  46  3:59  Marine  
  51  4:04  Engineering Bay  
  51  4:08  SCV  
  52  4:10  SCV, Bunker  
  52  4:11  Starport Tech Lab  
  52  4:15  Marine  
  54  4:18  Factory Tech Lab  
  54  4:19  Marine  
  54  4:20  SCV  
  54  4:23  Supply Depot  
  54  4:24  SCV  
  57  4:32  SCV  
  57  4:34  Missile Turret  
  57  4:37  Starport Reactor  
  58  4:42  Marine x2  
  58  4:43  SCV  
  58  4:44  Terran Infantry Weapons Level 1  
  62  4:45  SCV  
  62  4:49  Factory Reactor  
  62  4:51  Supply Depot  
  62  4:52  Bunker, Marine  
  63  4:56  Stimpack  
  63  4:59  SCV  
  62  5:03  SCV  
  62  5:04  Marine  
  62  5:05  Marauder  
  65  5:10  Marauder  
  64  5:14  Combat Shields  
  64  5:16  Bunker, Marine  
  64  5:18  SCV  
  66  5:22  Marine  
  66  5:23  Supply Depot  
  66  5:27  Refinery, Marine  
  66  5:31  Marine  
  69  5:36  Widow Mine  
  69  5:39  Widow Mine  
  71  5:45  Marauder, Supply Depot  
  71  5:49  Medivac  
  75  5:53  Marauder, Marine  
  75  5:56  SCV  
  75  5:58  SCV  
  75  6:03  Widow Mine  
  76  6:05  Marine  
  76  6:08  SCV  
  72  6:13  Medivac  
  72  6:16  SCV  
  71  6:20  Marauder, Marine  
  70  6:26  Widow Mine  
  70  6:29  Widow Mine  
  70  6:30  Marine  
  73  6:34  Marine  
  73  6:38  SCV, Marine  
  72  6:41  Marine, Terran Infantry Armor Level 1  
  71  6:48  Marine  
  71  6:57  Marine, Concussive Shells  
  71  6:58  Marauder  
  71  6:59  Marine, Widow Mine  
  76  7:06  Marine  
  76  7:07  Widow Mine  
  76  7:08  Medivac  
  67  7:16  Marine  
  67  7:17  Marauder  
  67  7:19  Marauder  
  67  7:20  SCV, Widow Mine  
  73  7:28  Widow Mine  
  69  7:39  Marauder  
  69  7:41  Widow Mine  
  69  7:43  SCV x2, Marine x2  
  69  7:44  Marauder  
  77  7:48  Barracks  
  77  7:50  Widow Mine, Barracks  
  79  7:51  Refinery  
  77  8:00  Marine  
  77  8:01  Marine  
  77  8:03  Widow Mine  
  77  8:05  Marauder  
  78  8:07  SCV x2, Marine  
  81  8:14  Missile Turret  
  81  8:15  Refinery  
  81  8:19  SCV  
Show
View Real Time Build Order
Export as new Build Order

Nice Protoss 

Build Orders: 1 Gate Expand, Blink Stalkers 

Get SALT Encoding   

  12  0:00  Probe  
  13  0:12  Probe  
  14  0:17  Pylon  
  14  0:25  Probe (Chrono Boost)  
  15  0:37  Probe (Chrono Boost)  
  15  0:38  Gateway  
  16  0:44  Probe (Chrono Boost)  
  16  0:47  Assimilator  
  17  0:51  Probe  
  18  1:03  Probe  
  19  1:15  Probe  
  20  1:24  Nexus  
  20  1:34  Cybernetics Core  
  20  1:39  Assimilator  
  20  1:43  Assimilator  
  20  1:48  Probe  
  21  1:54  Pylon  
  21  2:00  Probe  
  22  2:11  Stalker (Chrono Boost), Warp Gate  
  22  2:13  Probe  
  25  2:25  Probe  
  26  2:33  Stalker  
  27  2:44  Probe x2 (Chrono Boost)  
  27  2:49  Twilight Council  
  28  2:56  Probe (Chrono Boost)  
  30  3:02  Probe (Chrono Boost)  
  30  3:03  Stalker  
  30  3:05  Probe (Chrono Boost)  
  33  3:17  Blink (Chrono Boost)  
  33  3:19  Probe x2  
  34  3:31  Probe  
  35  3:34  Probe  
  35  3:35  Pylon  
  36  3:44  Gateway  
  36  3:46  Gateway  
  36  3:50  Probe  
  36  3:51  Probe  
  38  3:58  Gateway  
  38  4:04  Probe x2  
  38  4:09  Pylon  
  40  4:17  Stalker  
  40  4:24  Pylon  
  42  4:41  Stalker x3  
  48  4:46  Pylon  
  46  4:57  Stalker  
  46  4:58  Probe x2  
  50  5:04  Stalker x2  
  51  5:17  Probe x2  
  50  5:31  Stalker x3  
  50  5:34  Stalker  
  58  5:56  Stalker x4  
  66  6:22  Stalker x4  
  70  6:26  Pylon x2  
  66  6:45  Stalker  
  66  6:46  Stalker x2, Zealot  
  54  7:16  Stalker x4  
  58  7:43  Stalker  
  58  7:44  Stalker x2  
  60  7:45  Zealot  
  60  7:46  Probe x2  
  52  8:09  Stalker x2  
  52  8:11  Zealot  
  52  8:12  Zealot  
  58  8:13  Probe x2  
  58  8:16  Pylon  
Tags
 
Add a new tag
Caveats
  • Supply blocks, unpowered buildings, or Contaminate may cause inaccurate times.
  • Supply counts are checked every 10 seconds.